 Dungeon Crawl Stone Soup version 0.29-a0-72-g1732ff48e7 (webtiles) character file.

Game seed: 177836934335517171

1760 esteth the Jinx (level 8, -6/41 HPs)
             Began as a Deep Elf Conjurer on Feb 3, 2022.
             Was an Initiate of Vehumet.
             Mangled by a hornet zombie (10 damage)
             ... on level 7 of the Dungeon.
             The game lasted 00:14:13 (7816 turns).

esteth the Jinx (Deep Elf Conjurer)                 Turns: 7816, Time: 00:14:14

Health: -6/41      AC:  3    Str: 10    XL:     8   Next: 79%
Magic:  0/20       EV: 12    Int: 26    God:    Vehumet [......]
Gold:   413        SH:  5    Dex: 13    Spells: 12/21 levels left

rFire   . . .      SeeInvis +   v - +0 scimitar (holy)
rCold   + . .      Faith    .   (no shield)
rNeg    . . .      Spirit   .   u - +1 robe {rC+}
rPois   .          Reflect  +   (no helmet)
rElec   .          Harm     .   (no cloak)
rCorr   .          Rampage  .   (no gloves)
Will    .....                   (no boots)
Stlth   ++........              p - amulet of reflection
HPRegen 0.13/turn               c - +6 ring of strength
MPRegen 0.17/turn               x - ring of see invisible

@: no status effects
A: no striking features
a: Renounce Religion


You were on level 7 of the Dungeon.
You worshipped Vehumet.
Vehumet was noncommittal.
You visited 2 branches of the dungeon, and saw 8 of its levels.

You collected 413 gold pieces.

Inventory:

Hand Weapons
 b - a +0 dagger
 v - a +0 scimitar of holy wrath (weapon)
Armour
 a - a +0 robe
 u - a +1 robe of cold resistance (worn)
Jewellery
 c - a +6 ring of strength (left hand)
 p - an amulet of reflection (around neck)
 x - a ring of see invisible (right hand)
Wands
 g - a wand of iceblast (11)
 t - a wand of polymorph (4)
 z - a wand of paralysis (7)
Scrolls
 d - 2 scrolls of amnesia {unknown}
 e - a scroll of teleportation {unknown}
 f - 2 scrolls of fear {unknown}
 j - 2 scrolls of vulnerability {unknown}
 o - a scroll of magic mapping {unknown}
 q - 5 scrolls of identify {unknown}
 r - a scroll of fog {unknown}
 s - 2 scrolls of enchant weapon {unknown}
 y - a scroll of immolation {unknown}
 B - a scroll of holy word {unknown}
Potions
 h - 2 potions of curing
 i - a potion of berserk rage {unknown}
 k - a potion of resistance {unknown}
 l - a potion of degeneration {unknown}
 m - 2 potions of might {unknown}
 n - 2 potions of mutation {unknown}
 w - a potion of experience {unknown}
 A - 2 potions of heal wounds {unknown}


   Skills:
 - Level 2.4 Dodging
 - Level 2.4 Stealth
 + Level 7.1 Spellcasting
 * Level 8.2 Conjurations
 - Level 10.4 Hexes


You had 12 spell levels left.
You knew the following spells:

 Your Spells              Type           Power      Damage    Failure   Level
a - Magic Dart            Conj           100%       1d8       1%          1
b - Fulminant Prism       Conj/Hex       27%        3d14      1%          4
c - Sticky Flame          Conj/Fire      30%        2d5       12%         4

Your spell library contained the following spells:

 Spells                   Type           Power      Damage    Failure   Level
 Searing Ray              Conj           100%       2d8       1%          2
 Dazzling Flash           Conj/Hex       100%       N/A       1%          3
 Conjure Flame            Conj/Fire      30%        6-21      3%          3
 Stone Arrow              Conj/Erth      60%        3d10      3%          3
 Sandblast                Erth           18%        2d7       6%          1
 Passwall                 Tmut/Erth      7%         N/A       10%         2
 Iskenderun's Mystic Bla  Conj/Tloc      30%        2d8       12%         4
 Ignite Poison            Fire/Tmut/Pois 9%         N/A       19%         3


Dungeon Overview and Level Annotations

Branches:
Dungeon (7/15)             Temple (1/1) D:6

Altars:
Ashenzari
Cheibriados
Dithmenos
Fedhas
Gozag
Hepliaklqana
Makhleb
Okawaru
Qazlal
Sif Muna
Trog
Uskayaw
Vehumet
Wu Jian
Xom
Yredelemnul
Zin
The Shining One

Annotations:
D:2 Sigmund
D:3 1 runed translucent door, Terence; esteth's ghost, amateur MfGl
D:7 4 runed translucent doors


Message History

Press: ? - help, Dir - move target, p - hornet zombie You conjure a prism of explosive energy!
A fulminant prism comes into view.
The hornet zombie hits you!
* * * LOW HITPOINT WARNING * * *
You feel better. The hornet zombie hits you.
Your fulminant prism crackles loudly.
Casting: Fulminant Prism (dangerous; 1% risk of failure)
Confirm with . or Enter, or press ? or * to list all spells.
Aiming: Magic Dart (safe; 1% risk of failure)
Press: ? - help, Shift-Dir - straight line, f - fulminant prism
Aim: a fulminant prism (friendly, 100% to hit)
The magic dart hits the hornet zombie but does no damage.
The hornet zombie is heavily damaged.
The hornet zombie hits you!
* * * LOW HITPOINT WARNING * * *
The hornet zombie completely misses you.
Your fulminant prism explodes!
The blast of energy engulfs the hornet zombie!!
The hornet zombie is almost destroyed.
You hear a loud, deep croak!
You hear an angry hiss.
Casting: Magic Dart (safe; 1% risk of failure)
Confirm with . or Enter, or press ? or * to list all spells.
Aiming: Fulminant Prism (dangerous; 1% risk of failure)
Press: ? - help, Dir - move target You conjure a prism of explosive energy!
A fulminant prism comes into view.
The hornet zombie closely misses you.
Your fulminant prism crackles loudly.
Casting: Fulminant Prism (dangerous; 1% risk of failure)
Confirm with . or Enter, or press ? or * to list all spells.
Aiming: Magic Dart (safe; 1% risk of failure)
Press: ? - help, Shift-Dir - straight line, f - hornet zombie
Aim: a hornet zombie (almost destroyed, ally target, 100% to hit)
The magic dart hits the hornet zombie.
The hornet zombie is almost destroyed.
The hornet zombie hits you.
* * * LOW HITPOINT WARNING * * *
The hornet zombie hits you!
You die...

..#.# #..#.# ..#.#
######.#.# ..#.#
#........# ..#.#
#....^...# ..#.#
#........### ..#.#
#..........## ..#.#
#......#>...######
###.#
#......##........#
....#
#......#.@######...#
#####
#......#Z##8o$8# .#
# ..... #.#8....8# #
.... #*+......+. #
#.+o.....+.#
...#8....8#.#
...##8=)8##.# ....
##### ###+


You could see a hornet zombie (ally target) and a friendly fulminant prism.

Vanquished Creatures
  An ice beast (D:5)
  2 sky beasts
  4 ogres
  A centaur (D:6)
  A phantom (D:4)
  A bullfrog (D:7)
  Blork the orc (D:5)
  A gnoll sergeant (D:6)
  A wyvern zombie (D:5)
  2 scorpions
  A water moccasin skeleton (D:4)
  2 jellies
  3 bullfrog skeletons
  2 centaur skeletons
  Natasha (twice) (D:2)
  3 iguanas
  A killer bee zombie (D:5)
  A hound zombie (D:5)
  A hound skeleton (D:5)
  Robin (D:3)
  6 adders
  5 gnolls (D:6)
  A white imp (D:6)
  A worm (D:3)
  3 dart slugs
  2 orcs
  3 endoplasms
  2 giant cockroaches
  18 goblins
  9 hobgoblins
  3 jackals (D:3)
  6 kobolds
  3 quokkas (D:4)
  6 ball pythons
  4 bats
  A frilled lizard (D:1)
  8 rats
113 creatures vanquished.

Vanquished Creatures (others)
  27 fulminant prisms
  2 withered plants (D:3)
29 creatures vanquished.

Grand Total: 142 creatures vanquished

Notes
Turn   | Place    | Note
-------+----------+-------------------------------------------
     0 | D:1      | esteth the Deep Elf Conjurer began the quest for the Orb.
     0 | D:1      | Reached XP level 1. HP: 10/10 MP: 6/6
     1 | D:1      | Noticed an electric eel
   293 | D:1      | Reached XP level 2. HP: 15/15 MP: 4/8
   988 | D:1      | Found a faded altar of an unknown god.
  1174 | D:2      | Reached skill level 5 in Conjurations
  1174 | D:2      | Reached XP level 3. HP: 19/19 MP: 6/10
  1526 | D:2      | Noticed Natasha
  1532 | D:2      | Killed Natasha
  1739 | D:2      | Reached XP level 4. HP: 24/24 MP: 10/12
  1793 | D:2      | Noticed Sigmund
  1832 | D:2      | Noticed Natasha
  1839 | D:2      | Killed Natasha
  1840 | D:2      | Reached skill level 5 in Spellcasting
  2174 | D:3      | Noticed Terence
  2181 | D:3      | Learned a level 4 spell: Fulminant Prism
  2210 | D:3      | Found a runed translucent door.
  2210 | D:3      | Noticed esteth's ghost (amateur MfGl)
  2255 | D:3      | Reached skill level 2 in Hexes
  2499 | D:3      | Found a shadowy altar of Dithmenos.
  2590 | D:3      | Reached XP level 5. HP: 28/28 MP: 11/14
  2646 | D:3      | Found a glowing golden altar of the Shining One.
  2866 | D:3      | Reached skill level 3 in Hexes
  3005 | D:3      | Noticed Robin
  3043 | D:3      | Killed Robin
  3294 | D:4      | Reached skill level 4 in Hexes
  3323 | D:4      | Noticed a phantom
  3331 | D:4      | Killed a phantom
  3332 | D:4      | Reached skill level 5 in Hexes
  3332 | D:4      | Reached XP level 6. HP: 32/32 MP: 1/15
  3508 | D:4      | Identified the +1 leather armour of Pragmatism {Harm *Slow
                  | Slay+2 Stlth+}
  3719 | D:4      | Reached skill level 6 in Hexes
  4063 | D:4      | Found a glowing drain.
  4207 | D:4      | Reached skill level 7 in Hexes
  4327 | D:5      | Entered Level 5 of the Dungeon
  4466 | D:5      | Reached XP level 7. HP: 16/36 MP: 3/16
  4765 | D:5      | Reached skill level 8 in Hexes
  4851 | D:5      | Reached skill level 9 in Hexes
  4852 | D:5      | Noticed Blork the orc
  5186 | D:5      | Killed Blork the orc
  5187 | D:5      | Reached skill level 10 in Hexes
  5386 | D:5      | Found an iron altar of Okawaru.
  5509 | D:5      | Learned a level 4 spell: Sticky Flame
  5820 | D:6      | Reached XP level 8. HP: 41/41 MP: 13/17
  6501 | D:6      | Found a staircase to the Ecumenical Temple.
  6508 | Temple   | Entered the Ecumenical Temple
  6569 | Temple   | Became a worshipper of Vehumet
  7412 | D:6      | Found a bloodstained altar of Trog.
  7642 | D:7      | Found a shimmering blue altar of Sif Muna.
  7789 | D:7      | Found a large runed translucent door.
  7789 | D:7      | Found a large runed translucent door.
  7793 | D:7      | Found a large runed translucent door.
  7793 | D:7      | Found a large runed translucent door.
  7816 | D:7      | Mangled by a hornet zombie

Illustrated notes

Levels and vault maps discovered:
D:1:      arrival_aquarium_a, layout_basic, shapermc_ecumenical_altar_gd
D:2:      layout_basic, hangedman_decor_riveting, minmay_octomino_j4,
          uniq_natasha, uniq_sigmund
D:3:      kennysheep_goblin_castle, layout_basic, tso_metal_star,
          nicolae_dithmenos_the_darkroom, gammafunk_ghost_grave, fountainhead,
          uniq_terence
D:4:      layout_gridville, gup_sewer_entry_bowl
D:5:      layout_rooms, lemuel_crystal_altar, kennysheep_generic_room_11,
          uniq_blork_the_orc
D:6:      layout_basic, nicolae_overflow_hidden_temple,
          minmay_temple_entry_mini_moons, hangedman_decor_peaks_small
D:7:      layout_basic, nicolae_overflow_crystal_walls, gammafunk_ghost_smash,
          minmay_hollow_rounded_squares
Temple:   nicolae_temple_god_jail

Skill      XL: |  1  2  3  4  5  6  7  8 |
---------------+-------------------------+-----
Spellcasting   | 4 5 7 |  7.1
Conjurations   | 5 8 |  8.2
Hexes          | 2 5 7 10 | 10.4
Dodging        | |  2.4
Stealth        | |  2.4

Action                   |  1- 3 |  4- 6 |  7- 9 || total
-------------------------+-------+-------+-------++-------
Melee: Dagger            |     1 |       |       ||     1
       Unarmed           |     1 |       |       ||     1
 Cast: Magic Dart        |    60 |   113 |   102 ||   275
       Fulminant Prism   |       |     7 |    21 ||    28
  Use: Potion            |       |       |     2 ||     2
Armor: Robe              |     1 |     2 |     6 ||     9
Dodge: Dodged            |     8 |    17 |    23 ||    48
Block: Other             |       |     1 |    15 ||    16
       Reflection        |       |       |     1 ||     1

Table legend: (Time is in decaauts)
 A = Elapsed time spent in this place.
 B = Non-inter-level travel time spent in this place.
 C = Inter-level travel time spent in this place.
 D = Time resting spent in this place.
 E = Time spent auto-exploring this place.
 F = Levels seen in this place.
 G = Mean time per level.
                   A        B        C        D        E       F      G
               +--------+--------+--------+--------+--------+-----+--------+
         Total |   7827 |   7652 |    175 |   1334 |   5510 |   8 |  978.4 |
       Dungeon |   7749 |   7590 |    159 |   1334 |   5465 |   7 | 1107.0 |
        Temple |     77 |     61 |     16 |      0 |     45 |   1 |   77.0 |
               +--------+--------+--------+--------+--------+-----+--------+

Top non-repeatable levels by time:
     D:4: 1694 daAuts
     D:6: 1614 daAuts
     D:3: 1177 daAuts
     D:1: 1157 daAuts
     D:2: 955 daAuts
     D:5: 955 daAuts
     D:7: 195 daAuts
  Temple: 77 daAuts
